 Dungeon Crawl Stone Soup version 0.30-a0-756-gc2185399d4 (webtiles) character file.

Game seed: 2016910299410413659

23 Leeroy the Grasshopper (level 2, 0/15 HPs)
             Began as a Vine Stalker Warper on Feb 9, 2023.
             Succumbed to a kobold's poison
             ... on level 2 of the Dungeon.
             The game lasted 00:01:21 (770 turns).

Leeroy the Grasshopper (Vine Stalker Warper)         Turns: 770, Time: 00:01:22

Health: 0/15       AC:  3    Str: 13    XL:     2   Next: 95%
Magic:  4/6        EV: 11    Int: 13    God:
Gold:   60         SH:  0    Dex: 13    Spells: 5/5 levels left

rFire   . . .      SeeInvis .    a - +0 falchion
rCold   . . .      Faith    .    (no shield)
rNeg    . . .      Spirit   +    b - +0 leather armour
rPois   .          Reflect  .    (no helmet)
rElec   .          Harm     .    (no cloak)
rCorr   .          Rampage  .    (no gloves)
Will    .....                    (no boots)
Stlth   +                        k - amulet of guardian spirit
HPRegen 0.22/turn                (no ring)
MPRegen 0.10/turn                (no ring)

@: lethally poisoned (0 -> -32)
A: fangs 2, magic shield, antimagic bite, no potion heal 2
a: no special abilities


You were on level 2 of the Dungeon.
You visited 1 branch of the dungeon, and saw 2 of its levels.

You collected 60 gold pieces.

Inventory:

Hand Weapons
 a - a +0 falchion (weapon)
Missiles
 d - 7 boomerangs of dispersal (quivered)
 f - 5 curare-tipped darts
Armour
 b - a +0 leather armour (worn)
Magical Staves
 j - a staff of cold
Jewellery
 k - an amulet of guardian spirit (around neck)
Scrolls
 c - a scroll of blinking
 e - a scroll of teleportation {unknown}
 g - a scroll of identify {unknown}
 i - a scroll of brand weapon {unknown}
Potions
 h - a potion of curing {unknown}


   Skills:
 * Level 1.8 Fighting
 - Level 3.0 Long Blades
 - Level 0.8 Throwing
 - Level 0.7 Armour
 - Level 1.5 Dodging
 - Level 2.1 Spellcasting
 - Level 3.0 Translocations


You had 5 spell levels left.
You didn't know any spells.
Your spell library contained the following spells:

 Spells                   Type           Power      Damage    Failure   Level
 Blink                    Tloc           18%        N/A       14%         2
 Lesser Beckoning         Tloc           18%        N/A       14%         2
 Teleport Other           Tloc           9%         N/A       28%         3
 Vhi's Electric Charge    Tloc/Air       10%        N/A       45%         3
 Manifold Assault         Tloc           9%         N/A       67%         4


Dungeon Overview and Level Annotations

Branches:
Dungeon (2/15)

Altars:

Shops:
D:1 *


Innate Abilities, Weirdness & Mutations

You have extremely sharp teeth.
When hurt, damage is shared between your health and your magic reserves.
Your bite disrupts and absorbs the magic of your enemies.
Potions cannot restore your health.


Message History

No target in view!
No target in view!
No target in view!
You see here an amulet of guardian spirit.
k - an amulet of guardian spirit
Okay, then.
There is a stone staircase leading up here.
Found a stone staircase leading down.
There is an escape hatch in the ceiling here.
Found a robe and 6 stones.
Found a stone staircase leading up.
There is a stone staircase leading down here.
You start putting on your amulet.
You continue putting on your amulet of guardian spirit. x5
You finish putting on your amulet of guardian spirit.
You feel the presence of a powerless spirit.
k - an amulet of guardian spirit (around neck)
A hobgoblin comes into view.
Found 11 gold pieces.
The hobgoblin shouts!
You hear a shout!
A hobgoblin comes into view.
You hear a shout! x2
You see here a +0 robe.
There are monsters nearby!
There are monsters nearby!
A kobold and a dart slug come into view.
The kobold is wielding a +2 dagger of venom.
The hobgoblin shouts!
The kobold shouts!
The kobold hits you with a +2 dagger of venom.
You are poisoned.
You barely miss the kobold. Your bite misses the kobold.
You feel very sick. The kobold hits you but does no damage.
You are lethally poisoned!
The kobold hits you with a +2 dagger of venom.
You are more poisoned.
You hit the kobold.
The kobold is moderately wounded.
Ouch! That really hurt!
You die...

#........##
##.....#..#
##...###.#
##### #.#####
#<....##
#####.>#
##.##.##.#
######[......#
#.g..@##.#####
#......K.(....
.w...g.....####
#..........#
#.....<....#
#.........##
#..........
#.........##


You could see a dart slug, 2 hobgoblins and a kobold.

Vanquished Creatures
  A bat (D:2)
  4 endoplasms (D:1)
  2 giant cockroaches (D:1)
  A goblin (D:1)
  3 jackals (D:1)
  A quokka (D:1)
  A ball python (D:1)
  4 frilled lizards (D:1)
  A kobold (D:1)
  3 rats
21 creatures vanquished.

Notes
Turn   | Place    | Note
-------+----------+-------------------------------------------
     0 | D:1      | Leeroy the Vine Stalker Warper began the quest for the Orb.
     0 | D:1      | Reached XP level 1. HP: 11/11 MP: 4/4
   144 | D:1      | Found Ganoqeps's General Store.
   172 | D:1      | Reached XP level 2. HP: 15/15 MP: 6/6
   770 | D:2      | Succumbed to a kobold's poison

Illustrated notes

Levels and vault maps discovered:
D:1:      spicycebolla_arrival_xxxplode, layout_basic, serial_shops, shop
D:2:      layout_rooms, serial_shops, nicolae_diamond_shop,
          nicolae_elevator_lobby_asterisk

Skill      XL: |  1  2 |
---------------+-------+-----
Long Blades    | 2 3 |  3.0
Fighting       | |  1.8
Throwing       | |  0.8
Armour         | |  0.7
Dodging        | |  1.5
Spellcasting   | |  2.1
Translocations | |  3.0

Action                     || total
---------------------------++-------
  Melee: Falchion          ||    55
         Bite              ||    11
         Punch             ||     2
   Stab: Sleeping          ||     1
 Armour: Leather armour    ||    15
  Dodge: Dodged            ||    32

Table legend: (Time is in decaauts)
 A = Elapsed time spent in this place.
 B = Non-inter-level travel time spent in this place.
 C = Inter-level travel time spent in this place.
 D = Time resting spent in this place.
 E = Time spent auto-exploring this place.
 F = Levels seen in this place.
 G = Mean time per level.
                   A        B        C        D        E       F      G
               +--------+--------+--------+--------+--------+-----+--------+
         Total |    779 |    740 |     39 |      0 |    583 |   2 |  389.5 |
       Dungeon |    779 |    740 |     39 |      0 |    583 |   2 |  389.5 |
               +--------+--------+--------+--------+--------+-----+--------+

Top non-repeatable levels by time:
     D:1: 737 daAuts
     D:2: 41 daAuts
